[Event "GrandPrix_30.05"]
[Site "Chess.com"]
[Date "2020.05.30"]
[Round "6"]
[White "RitvarsReimanis"]
[Black "GMStefanova"]
[Result "1-0"]
[WhiteElo "2194"]
[BlackElo "2287"]
[TimeControl "600+2"]
[EndTime "10:57:31 PDT"]
[Termination "RitvarsReimanis won on time"]

1. d4 d5 2. c4 c6 3. Nf3 Nf6 4. e3 Bf5 5. Nc3 e6 6. Nh4 Be4 7. f3 Bg6 8. Bd2 Be7 9. Qb3 Qc7 10.
Nxg6 hxg6 11. O-O-O Nbd7 12. Kb1 dxc4 13. Bxc4 b5 14.
Be2 a5 15. Qc2 Qb7 16. e4 Nb6 17. Bg5 a4 18. e5 Nfd5 19. Bxe7 Nxc3+ 20. Qxc3 Nd5 21.
Qc1 Nxe7 22. Bd3 a3 23. b3 Nd5 24. Be4 b4 25. Bxd5 cxd5 26. Qd2 O-O 27. h4 f6 28. Rhe1 f5 29. f4 Rac8 30. Rc1 Qb5 31. Rc2 Rxc2 32.
Qxc2 Qb6 33. Rd1 Rd8 34. g4 Kf7 35. h5 gxh5 36. gxf5 exf5 37. Qxf5+ Kg8 38. e6 Qc7 39. Rc1 Qe7 40. Qe5 h4 41. Rc7 Qf6 42. e7 Re8 43.
Qxd5+ Qf7 44. Qd7 Qg6+ 45. f5 Qg1+ 46. Rc1 1-0

[Event "GrandPrix_30.05"]
[Site "Chess.com"]
[Date "2020.05.30"]
[Round "6"]
[White "Olghita64"]
[Black "viktorskliarov"]
[Result "0-1"]
[WhiteElo "2050"]
[BlackElo "2240"]
[TimeControl "600+2"]
[EndTime "10:57:36 PDT"]
[Termination "viktorskliarov won on time"]

1. Nf3 g6 2. e4 c5 3. d4 cxd4 4.
Nxd4 Bg7 5. c4 Nc6 6. Nc2 d6 7.
Be2 Nh6 8. O-O O-O 9. Nc3 f5 10. Rb1 f4 11. Nd5 Be5 12. b4 e6 13. b5 Nb8 14.
Ndb4 Qh4 15. f3 Nd7 16. Nd3 Nf7 17. Nxe5 Ndxe5 18. Qe1 Qxe1 19. Rxe1 g5 20. Ba3 b6 21.
Red1 Rd8 22. Nd4 Bd7 23. g3 Rac8 24. Rbc1 Kf8 25. Kf2 Ke7 26. Rc2 Rg8 27. Bf1 Rc7 28.
Bb4 Rgc8 29. Rdc1 Nd8 30. gxf4 gxf4 31. Bd2 Ng6 32. Ne2 Bxb5 33. Nxf4 Ne5 34. Nh5 Ndf7 35. Bb4 Nxc4 36. a4 Ba6 37. f4 b5 38. axb5 Bxb5 39.
e5 Rc6 40. exd6+ Nfxd6 41. Ng3 a5 42. Bc3 a4 43. Bb4 Nb6 0-1

[Event "GrandPrix_30.05"]
[Site "Chess.com"]
[Date "2020.05.30"]
[Round "6"]
[White "Igrok3069"]
[Black "Lavrov_Maxim"]
[Result "1-0"]
[WhiteElo "2561"]
[BlackElo "2280"]
[TimeControl "600+2"]
[EndTime "10:57:42 PDT"]
[Termination "Igrok3069 won by resignation"]

1. d4 Nf6 2. Nf3 g6 3. g3 Bg7 4. Bg2 O-O 5. O-O d6 6. b3 a5 7.
c4 c6 8. Nc3 Na6 9. e4 Bg4 10.
Bb2 Nd7 11. Qd2 e5 12. d5 cxd5 13. Nxd5 Nac5 14. Rfe1 Ne6 15. Ne3 Bxf3 16. Bxf3 Nd4 17. Bg2 Nc5 18. Rad1 Nce6 19. Nd5 Nc7 20. Nc3 Nce6 21.
h4 h5 22. Nd5 Nc7 23. Nb6 Ra6 24. Na4 b5 25. Bxd4 bxa4 26. Bc5 axb3 27. axb3 Ne8 28. Ba3 Qb8 29. c5 Qxb3 30. Re3 Qe6 31. cxd6 Nf6 32. Rd3 Rd8 33. f3 Bf8 34. Kh2 Qc4 35. Rc1 Qa4 36. Bh3 Rb6 37. Rd1 Rb3 38. Rxb3 Qxb3 39. Qd3 Qxd3 40. Rxd3 Ne8 41. d7 Nc7 42. Bb2 f6 43. Rc3 Nb5 44. Rc8 Be7 45. Be6+ Kg7 46. f4 exf4 47.
gxf4 Nd6 48. e5 fxe5 49. Bxe5+ 1-0

[Event "GrandPrix_30.05"]
[Site "Chess.com"]
[Date "2020.05.30"]
[Round "6"]
[White "VerdeNotte"]
[Black "Saxar85"]
[Result "0-1"]
[WhiteElo "2607"]
[BlackElo "2489"]
[TimeControl "600+2"]
[EndTime "10:57:45 PDT"]
[Termination "Saxar85 won by resignation"]

1. e4 d6 2. d4 g6 3. Nc3 Bg7 4. Be3 a6 5. Qd2 b5 6. h4 Nf6 7.
Bh6 Bxh6 8. Qxh6 Nbd7 9. e5 dxe5 10. dxe5 Nxe5 11. Rd1 Bd7 12. Be2 c6 13. h5 Qc7 14.
hxg6 fxg6 15. Nf3 O-O-O 16. Qe3 Nfg4 17. Qc5 h5 18. Nxe5 Nxe5 19. a4 Bg4 20. axb5 cxb5 21.
Qxc7+ Kxc7 22. Nd5+ Kb7 23. Bxg4 Nxg4 24. Ke2 Rd6 25. f3 Rhd8 26. fxg4 Rxd5 27. Rxd5 Rxd5 28. gxh5 gxh5 29. b4 Rg5 30. Kf3 Kc7 31. Rh4 Kd6 32. g3 e5 33. c3 Kd5 34. Kf2 e4 35. Rf4 Kc4 36. Rxe4+ Kxc3 37. Kf3 Kb3 38. Re6 Kxb4 39. Rxa6 Kb3 40. Rh6 b4 41. Kf4 Rb5 42. Ke3 Kb2 43.
Kd3 b3 44. Rf6 Rg5 45. Rf2+ Ka3 46. Kd2 Rxg3 47. Rf8 h4 48. Ra8+ Kb2 49. Rh8 h3 50.
Rh7 Rg2+ 51. Ke3 h2 52. Kf3 Rc2 53. Ke3 Kc1 54. Ra7 b2 0-1

[Event "GrandPrix_30.05"]
[Site "Chess.com"]
[Date "2020.05.30"]
[Round "6"]
[White "cukus"]
[Black "Magicmaster17"]
[Result "0-1"]
[WhiteElo "2194"]
[BlackElo "2392"]
[TimeControl "600+2"]
[EndTime "10:57:49 PDT"]
[Termination "Magicmaster17 won by resignation"]

1. e4 c5 2. Nf3 d6 3. d4 Nf6 4. Nc3 cxd4 5. Nxd4 e5 6. Bb5+ Nbd7 7. Nf5 a6 8. Bxd7+ Qxd7 9. Ne3 Qc6 10. f3 Be6 11. O-O Be7 12. Kh1 O-O 13. Ned5 Bxd5 14. Nxd5 Nxd5 15.
exd5 Qc5 16. Qd3 Rac8 17. c3 f5 18. Be3 Qc4 19. Qd2 Bf6 20. a4 Rfe8 21. a5 f4 22. Bb6 g5 23. Qd1 Qb5 24. Rf2 e4 25. fxe4 Rxe4 26.
h4 h6 27. Qg4 Rce8 28. Qf5 Kg7 29. h5 Re1+ 30. Rxe1 Rxe1+ 31. Kh2 Qe8 32. Qg4 Be5 33. Rf3 Qf7 34. b4 Qxd5 35. Bd4 Bxd4 36. cxd4 Qxd4 37.
Qd7+ Kf6 38. Qd8+ Kf7 39. Qd7+ Re7 40. Qf5+ Qf6 41. Qd5+ Qe6 42. Qd3 Kg7 43. Qc3+ Qf6 44. Qc4 Qf7 45. Qd4+ Qf6 46. Qc4 Rf7 47. b5 g4 48. Rf1 Qh4+ 49. Kg1 g3 50. Qc3+ Qf6 51. Qd3 axb5 52. Qxb5 Qe5 53. Qc4 Qxh5 54. Qd4+ Qe5 55. Rd1 Re7 56. Qxe5+ dxe5 57. Kf1 Kf6 58. Ke2 Rc7 59. Ra1 Kf5 60. a6 bxa6 61. Rxa6 Rc2+ 62. Kf1 h5 63. Rb6 h4 64. Rh6 Ke4 65. Rh5 h3 66.
gxh3 Kf3 67. Ke1 g2 68. Rg5 Rc1+ 0-1

[Event "GrandPrix_30.05"]
[Site "Chess.com"]
[Date "2020.05.30"]
[Round "6"]
[White "Sunerorlater"]
[Black "Zubrrr"]
[Result "1/2-1/2"]
[WhiteElo "2307"]
[BlackElo "2526"]
[TimeControl "600+2"]
[EndTime "10:57:56 PDT"]
[Termination "Game drawn by agreement"]

1. d4 f5 2. g3 Nf6 3. Bg2 g6 4. c3 Bg7 5. Qb3 Nc6 6. Nd2 e5 7. dxe5 Nxe5 8. Ngf3 Nf7 9. O-O d5 10. c4 O-O 11. cxd5 Qxd5 12. Qxd5 Nxd5 13. Rd1 Nb6 14. Nb3 Na4 15. Rb1 c6 16. Nfd4 Bd7 17.
Be3 Rad8 18. Rdc1 Bc8 19. Rc4 Nb6 20. Rc2 Rfe8 21. h3 g5 22. Rd1 h6 23. Rdd2 Nd5 24.
Bxd5 Rxd5 25. Nf3 Rxd2 26. Rxd2 b6 27. Bd4 Bf8 28. Bc3 c5 29. Nc1 Bd6 30. b3 Bc7 31. Nd3 Bb7 32. Nde1 Bc6 33. h4 g4 34. Nh2 Nd6 35.
Bb2 Ne4 36. Rc2 h5 37. Nd3 Bb5 38. Nf4 Bxf4 39. gxf4 g3 40. fxg3 Nxg3 41. Be5 Nxe2+ 42.
Kf2 Nd4 43. Rd2 Kf7 44. Nf3 Nxf3 45. Kxf3 Rg8 1/2-1/2

[Event "GrandPrix_30.05"]
[Site "Chess.com"]
[Date "2020.05.30"]
[Round "6"]
[White "lilleper1"]
[Black "Alex_Krayz"]
[Result "1-0"]
[WhiteElo "2382"]
[BlackElo "2192"]
[TimeControl "600+2"]
[EndTime "10:57:59 PDT"]
[Termination "lilleper1 won by resignation"]

1. d4 Nf6 2. c4 e6 3. Nf3 b6 4. g3 Ba6 5. Qa4 Bb7 6. Bg2 c5 7. dxc5 Bxc5 8. O-O O-O 9. Nc3 a6 10. Bf4 Be7 11. Rfd1 d6 12. Qa3 Ne8 13. Qb3 Qc7 14. Rac1 Nf6 15. c5 bxc5 16. Na4 Nbd7 17. Qa3 a5 18. Nd2 Bxg2 19. Kxg2 Nd5 20. Qf3 Nxf4+ 21. gxf4 Rab8 22. b3 Nb6 23. Nc3 Qb7 24. Qxb7 Rxb7 25. a4 f5 26. Nb5 Nd5 27. e3 Nc7 28. Nxc7 Rxc7 29. Nc4 d5 30. Na3 Kf7 31. Nb5 Rc6 32. Rc2 g5 33. fxg5 Bxg5 34. f4 Be7 35. Kf3 Rg8 36. Rdc1 Rg6 37. Rg2 Rc8 38. Rg3 c4 39. bxc4 Rxc4 40. Rxc4 dxc4 41. Rxg6 hxg6 42. Ke2 Bb4 43.
Nd4 Kf6 44. Nc6 Bc3 45. Kd1 g5 46. fxg5+ Kxg5 47. Kc2 Be1 48. Ne5 c3 49. Nf3+ Kg4 50. Nxe1 Kh3 51. Kxc3 Kxh2 52. Kd4 Kg3 53. Nd3 Kf3 54.
Ne5+ Ke2 55. Nc4 1-0

[Event "GrandPrix_30.05"]
[Site "Chess.com"]
[Date "2020.05.30"]
[Round "6"]
[White "SantoBlue"]
[Black "TimofeevAr"]
[Result "1-0"]
[WhiteElo "2578"]
[BlackElo "2604"]
[TimeControl "600+2"]
[EndTime "10:58:00 PDT"]
[Termination "SantoBlue won by resignation"]

1. Nf3 Nf6 2. g3 g6 3. b3 Bg7 4. Bb2 O-O 5. Bg2 d5 6. c4 e6 7. O-O a5 8. d3 Nc6 9. Nc3 b6 10.
Nb5 Bb7 11. Rc1 Na7 12. Nxa7 Rxa7 13. cxd5 Bxd5 14. e4 Ba8 15. Ne5 c5 16. a4 Nd7 17.
Nc4 Bxb2 18. Nxb2 Ne5 19. Qd2 Rd7 20. Rfd1 Bb7 21. f4 Nc6 22. Nc4 Nd4 23. Qb2 Ba6 24.
e5 Nf5 25. Be4 Nd4 26. h4 f6 27. exf6 Bxc4 28. bxc4 Rd6 29. Qh2 Qxf6 30. Rf1 e5 31. Rce1 Kg7 32. h5 Rdd8 33. Kg2 exf4 34. Rxf4 Qg5 35.
hxg6 hxg6 36. Qh4 Qxh4 37. Rxh4 Rd6 38. Reh1 Nf5 39. Rh7+ Kf6 40. Rf1 Kg5 41. Rf3 Rdf6 42. Rb7 Nd6 43. Rxf6 Rxf6 44. Rd7 Kg4 45. Ba8 Nf5 46.
Bf3+ Kg5 47. Rd5 Kh6 48. Re5 Rd6 49. Be4 Ne3+ 50. Kf3 Nd1 51. g4 Nc3 52. g5+ Kg7 53. Re7+ Kf8 54. Rb7 Nxa4 55. Kf4 Nc3 56. Ke5 Nxe4 57.
dxe4 Rc6 58. Kd5 Rc8 59. Rxb6 Ra8 60. Kxc5 a4 61. Rxg6 a3 62. Rh6 Kg7 63. Rh1 Kg6 64. Kb6 Kxg5 65. c5 Kf4 66. Kb7 Ra4 67. c6 Kxe4 68.
Rh4+ Kd5 69. Rxa4 1-0

[Event "GrandPrix_30.05"]
[Site "Chess.com"]
[Date "2020.05.30"]
[Round "6"]
[White "TheJoker64"]
[Black "tsaruk_maks"]
[Result "1/2-1/2"]
[WhiteElo "2258"]
[BlackElo "2373"]
[TimeControl "600+2"]
[EndTime "10:58:02 PDT"]
[Termination "Game drawn by agreement"]

1. e4 e6 2. d3 g6 3. g3 Bg7 4. Bg2 c5 5. Nf3 Ne7 6. h4 h6 7. Nc3 Nbc6 8. Be3 Nd4 9. Qd2 Nec6 10. Nd1 Nxf3+ 11. Bxf3 d6 12. Bg2 Bd7 13. c3 Ne5 14. f3 c4 15. Nf2 cxd3 16. Nxd3 Nc4 17. Qe2 Bb5 18. a4 Nxe3 19. Qxe3 Bc4 20. Nb4 O-O 21. Kf2 a5 22. Nc2 d5 23. f4 dxe4 24. Bxe4 Qc7 25.
Na3 Rfd8 26. Nxc4 Qxc4 27. Rhd1 Rxd1 28. Rxd1 Qxa4 29. Qe2 Bf6 30. h5 g5 31. Bc2 Qc6 32. Qd3 gxf4 33. Qh7+ Kf8 34. Qxh6+ Bg7 35. Qxf4 Qb6+ 36.
Kf1 Qb5+ 37. Kg1 Qxh5 38. Rd7 Kg8 39. Be4 Rf8 40. Rxb7 a4 41. Bf3 Qc5+ 42. Kg2 a3 43. bxa3 Qxa3 44. c4 Qa2+ 45. Kh3 Qc2 46. Be4 Qc3 47.
Qh4 f5 48. Bg2 Rf6 49. Rb8+ Rf8 50. Rxf8+ Bxf8 1/2-1/2

[Event "GrandPrix_30.05"]
[Site "Chess.com"]
[Date "2020.05.30"]
[Round "6"]
[White "khekhm"]
[Black "DaggiGretarsson"]
[Result "1-0"]
[WhiteElo "2471"]
[BlackElo "2206"]
[TimeControl "600+2"]
[EndTime "10:58:06 PDT"]
[Termination "khekhm won by resignation"]

1. e4 g6 2. d4 Bg7 3. Nc3 d6 4. f4 a6 5. Nf3 b5 6. Bd3 Nd7 7. e5 c5 8. Be3 b4 9. Ne4 Bb7 10. c3 Nh6 11. O-O cxd4 12. cxd4 O-O 13. Kh1 Nb6 14. Qe2 Nd5 15. Bd2 Qb6 16. Neg5 dxe5 17. fxe5 f6 18. exf6 exf6 19. Qe6+ Qxe6 20. Nxe6 Rfe8 21. Rfe1 Ng4 22. Bc4 Nb6 23. Bb3 Bd5 24. Nc7 Rxe1+ 25. Rxe1 Rd8 26. Nxd5 Nxd5 27. h3 Nf2+ 28. Kg1 Nd3 29. Rb1 Kh8 30. g3 Nb6 31. Bc2 Nxb2 32. Rxb2 a5 33. Bb3 f5 34. Rc2 h6 35. Rc6 Nd5 36. Rxg6 Kh7 37. Ra6 Nc3 38. Be3 a4 39. Bxa4 Nd5 40. Bf2 Rc8 41. Bb3 Rc1+ 42. Kg2 Nc3 43. Ne5 Ne4 44. Be3 Rb1 45. Ra7 Rb2+ 46.
Kf3 h5 47. Be6 Nd6 48. Bf4 h4 49. gxh4 Rc2 50. h5 Rc3+ 51. Ke2 1-0

[Event "GrandPrix_30.05"]
[Site "Chess.com"]
[Date "2020.05.30"]
[Round "6"]
[White "MirMan90"]
[Black "KJakubowski"]
[Result "1-0"]
[WhiteElo "2306"]
[BlackElo "2343"]
[TimeControl "600+2"]
[EndTime "10:58:10 PDT"]
[Termination "MirMan90 won by resignation"]

1. d4 Nf6 2. c4 e6 3. Nf3 d5 4. Nc3 Nbd7 5. cxd5 exd5 6. Bg5 Be7 7. e3 O-O 8. Qc2 Re8 9. Bd3 c6 10. h3 Nf8 11. Bf4 Bd6 12. Bxd6 Qxd6 13. O-O-O a5 14. Kb1 Be6 15. g4 N6d7 16. Rc1 Rec8 17. Na4 b6 18. Ne5 c5 19. Nxd7 Bxd7 20. dxc5 bxc5 21. Rhd1 Bxa4 22. Qxa4 Qh2 23. Qc2 g6 24. Bf1 d4 25. Qe2 dxe3 26. Qxe3 Ne6 27. Bc4 Nd4 28. Qe7 Qf4 29. Qe3 Qd6 30.
h4 Re8 31. Qh6 Rab8 32. h5 Qf6 33. Rd2 Nf3 34. Rdc2 Re4 35. hxg6 hxg6 36. Bd5 Reb4 37. b3 c4 38. Bxc4 Ne5 39. Bd5 Rd8 40. Rc8 Rb8 41.
R1c6 Qg7 42. Qxg7+ Kxg7 43. Rxb8 Rxb8 44. Rc7 Rb5 45. Bc4 Nxc4 46. Rxc4 Kf6 47. f4 g5 48. f5 Ke5 49. Kc2 Rd5 50. b4 axb4 51. Rxb4 Rc5+ 52. Kb3 Rc1 53. Kb2 Rg1 54. a4 Kd5 55. a5 Kc5 56.
Re4 Kb5 57. Kc3 f6 58. Kd4 Rd1+ 59. Ke3 Re1+ 60. Kf3 Rf1+ 61. Kg2 Rc1 62. Re6 Rc4 63. Kf3 Rf4+ 64. Kg3 Ra4 65. Rxf6 Ra3+ 66. Kf2 Ra2+ 67. Kf3 Ra3+ 68. Ke4 Ra4+ 69. Ke5 Kxa5 70. Rg6 Rxg4 71. f6 Rg1 72. f7 Re1+ 73. Kf6 Rf1+ 74. Kg7 1-0

[Event "GrandPrix_30.05"]
[Site "Chess.com"]
[Date "2020.05.30"]
[Round "6"]
[White "Andrei_Belozerov"]
[Black "LiamVrolijk"]
[Result "0-1"]
[WhiteElo "2437"]
[BlackElo "2438"]
[TimeControl "600+2"]
[EndTime "10:58:12 PDT"]
[Termination "LiamVrolijk won by resignation"]

1. e4 e5 2. Nf3 Nc6 3. Bb5 a6 4. Ba4 Nf6 5. O-O b5 6. Bb3 Bc5 7. d3 d6 8. Be3 O-O 9. Nbd2 h6 10. c3 Rb8 11. a4 Bd7 12. axb5 axb5 13. h3 Bb6 14.
Bxb6 Rxb6 15. Re1 Ne7 16. d4 Ng6 17. Nf1 c5 18. Ne3 Re8 19. Nd5 Nxd5 20. Bxd5 Nf4 21. dxc5 dxc5 22. Ra7 Rf6 23. Ba2 Be6 24. Nxe5 Qxd1 25.
Rxd1 Bxa2 26. Ng4 Bb3 27. Nxf6+ gxf6 28. Rd6 Rxe4 29. Rxf6 Be6 30. Rxh6 Kg7 31. Rxe6 Nxe6 32. Rb7 b4 33. Kf1 bxc3 34. bxc3 Nf4 35. g3 Nd5 36. Rb3 Kf6 37. h4 Ke5 38. h5 Kf6 39. Kg2 Kg5 40. Rb7 Re7 41. Rb5 Rc7 42. c4 Nf6 43. f4+ Kxh5 44.
Kf3 Kg6 45. g4 Rc6 46. Ra5 Nd7 47. Ke4 Rd6 48. Ra4 Rd4+ 49. Ke3 Nf6 50. Ra6 Kg7 51.
g5 Nh5 52. f5 Rxc4 53. Ra7 Ng3 54. f6+ Kg6 55. Kf3 Ne4 0-1

[Event "GrandPrix_30.05"]
[Site "Chess.com"]
[Date "2020.05.30"]
[Round "6"]
[White "BairaKovanova"]
[Black "iceboy88"]
[Result "1/2-1/2"]
[WhiteElo "2132"]
[BlackElo "2248"]
[TimeControl "600+2"]
[EndTime "10:58:14 PDT"]
[Termination "Game drawn - insufficient material"]

1. e4 e5 2. Nf3 Nc6 3. Bb5 a6 4. Ba4 Nf6 5. d3 d6 6. c4 g6 7. h3 Bg7 8. Nc3 O-O 9. O-O h6 10. Be3 Kh7 11. Nd5 Ne8 12. d4 exd4 13. Nxd4 Nxd4 14.
Bxd4 c6 15. Bxg7 Kxg7 16. Qd4+ Nf6 17. Nxf6 Qxf6 18. Rad1 Qxd4 19. Rxd4 Be6 20. Bb3 Rfd8 21. Rfd1 Kf6 22. c5 Bxb3 23. axb3 Ke7 24. cxd6+ Ke6 25. f4 Rd7 26. e5 f6 27. Re1 fxe5 28. fxe5 Rf8 29. h4 Rf5 30. Rde4 Rd8 31. Rf1 Rxe5 32. Rxe5+ Kxe5 33. Rf7 Rxd6 34. Rxb7 Kf4 35. Kh2 g5 36. hxg5 hxg5 37. Rb4+ Ke3 38. Kg3 Kd3 39. Rb6 a5 40. b4 axb4 41. Rxb4 c5 42. Rb3+ Kd4 43. Kg4 Rd5 44. Kh5 c4 45. Rb8 Kd3 46. g4 Rc5 47. Rf8 Kc2 48. Rf2+ Kb3 49. Rf5 Rxf5 50. gxf5 Kxb2 51.
f6 c3 52. f7 c2 53. f8=Q c1=Q 54.
Qb8+ Ka1 55. Qa7+ Kb2 56. Qb6+ Kc2 57. Qc6+ Kd1 58. Qxc1+ Kxc1 59. Kxg5 1/2-1/2

[Event "GrandPrix_30.05"]
[Site "Chess.com"]
[Date "2020.05.30"]
[Round "6"]
[White "chessfreak35"]
[Black "MaxVavulin"]
[Result "1/2-1/2"]
[WhiteElo "2444"]
[BlackElo "2274"]
[TimeControl "600+2"]
[EndTime "10:58:17 PDT"]
[Termination "Game drawn by repetition"]

1. e4 e5 2. Nf3 Nc6 3. Bb5 a6 4. Ba4 Nf6 5. d3 d6 6. c4 Nd7 7. Nc3 Nc5 8. Bxc6+ bxc6 9. d4 exd4 10. Nxd4 Bd7 11. O-O g6 12. Be3 Bg7 13. Qd2 O-O 14.
Bh6 Re8 15. Bxg7 Kxg7 16. Rae1 a5 17. f4 f6 18. f5 a4 19. h4 Rb8 20. Rf3 Re5 21.
fxg6 hxg6 22. Ref1 Nxe4 23. Nxe4 Rxe4 24. Rxf6 Qxf6 25. Rxf6 Kxf6 26. Nf3 Rxc4 27. Qg5+ Kf7 28. h5 Rg8 29. h6 Bf5 30. Qe3 g5 31. Nxg5+ Kf6 32.
h7 Rh8 33. b3 axb3 34. axb3 Rc5 35. Qd4+ Re5 36. Nf3 Rxh7 37. Nxe5 dxe5 38. Qc5 Be4 39. Qf8+ Ke6 40. Qg8+ Kd6 41. g4 Rh3 42. g5 Rf3 43.
b4 Bd5 44. Qd8+ Ke6 45. Qe8+ Kd6 46. g6 e4 47. Kh2 e3 48. g7 Rf2+ 49. Kh3 Rg2 50.
Qxe3 Rxg7 51. Qf4+ Kd7 52. Qe5 Rg8 53. Qd4 Kd6 54.
Qc5+ Kd7 55. Qd4 Kd6 56. Qf6+ Kd7 57. Qd4 1/2-1/2

[Event "GrandPrix_30.05"]
[Site "Chess.com"]
[Date "2020.05.30"]
[Round "6"]
[White "ZefirKa"]
[Black "Petriashvili02"]
[Result "0-1"]
[WhiteElo "2118"]
[BlackElo "2331"]
[TimeControl "600+2"]
[EndTime "10:58:18 PDT"]
[Termination "Petriashvili02 won by resignation"]

1. e4 c6 2. Nf3 d5 3. Nc3 dxe4 4. Nxe4 Nf6 5. Qe2 Nxe4 6. Qxe4 Qd5 7. Qh4 Qe6+ 8. Be2 Qg4 9. Qxg4 Bxg4 10. d4 e6 11. Be3 Nd7 12. h3 Bh5 13. O-O-O Be7 14. Rhe1 O-O 15.
g4 Bg6 16. h4 h5 17. gxh5 Bxh5 18. Ng5 Nf6 19. f3 Nd5 20. Bd2 Bd6 21. Ne4 Bc7 22.
Rg1 Kh8 23. Rg5 g6 24. Rh1 Rad8 25. Bd1 Nf4 26. c3 Kg7 27. Kc2 Rd5 28. c4 Rdd8 29. Bc3 f6 30. Rgg1 Bb6 31. c5 Bc7 32. Kc1 Nd5 33. Kd2 Bf4+ 34. Kd3 e5 35. Nd6 exd4 36. Nf5+ Kf7 37. Nxd4 Rfe8 38. Re1 Re5 39. Bb3 Ke7 40.
Re4 Bxf3 41. Rxe5+ Bxe5 42. Nxf3 Nxc3+ 43. Kc4 Nb5 44. Re1 Ke6 45. Kb4+ Kf5 46. Bc2+ Kf4 47. Nxe5 fxe5 48.
Bxg6 Rd2 49. Re4+ Kf3 50. Rxe5 Rxb2+ 51. Kc4 Rxa2 52. h5 Ra4+ 53. Kb3 Rh4 54. Re7 a5 55.
Rxb7 a4+ 56. Ka2 Rh2+ 57. Kb1 a3 58. Kc1 a2 59. Ra7 Nxa7 0-1

[Event "GrandPrix_30.05"]
[Site "Chess.com"]
[Date "2020.05.30"]
[Round "6"]
[White "Durarbayli"]
[Black "Msb2"]
[Result "1-0"]
[WhiteElo "2645"]
[BlackElo "2643"]
[TimeControl "600+2"]
[EndTime "10:58:20 PDT"]
[Termination "Durarbayli won by resignation"]

1. e4 e6 2. d4 d5 3. e5 c5 4. c3 Qb6 5. Nf3 Nc6 6. Be2 cxd4 7.
cxd4 Nge7 8. Na3 Nf5 9. Nc2 Bd7 10. g4 Nfe7 11. O-O h5 12. h3 Ng6 13. b4 Nxb4 14.
Nxb4 Bxb4 15. Rb1 Qa5 16. Qb3 hxg4 17. hxg4 Be7 18. Qxb7 Rd8 19. Be3 Qxa2 20. Bd3 Qa3 21. Rfd1 Nh4 22. Ne1 O-O 23. Ra1 Qb4 24. Rxa7 Qxb7 25.
Rxb7 f5 26. Rc1 f4 27. Bd2 Rf7 28. Rcc7 Bf8 29. Ra7 g5 30. Ba5 Rc8 31. Rxd7 Rxd7 32.
Rxd7 Rc1 33. Rc7 Nf3+ 34. Kf1 Rxc7 35. Bxc7 Nxd4 36. Kg2 Kf7 37. Nf3 Nxf3 38. Kxf3 Be7 39. Bb5 Bc5 40. Ke2 Bd4 41. f3 Bc5 42. Kd3 Be7 43. Bb6 Kf8 44. Kc3 Kf7 45. Kb3 Bf8 46. Ka4 Bg7 47. Bd4 Bf8 48. Ka5 Ba3 49. Kb6 Bc1 50.
Kc6 Ke7 51. Bc5+ Kf7 52. Kd6 Be3 53. Bxe3 fxe3 54. Kc5 Ke7 55. Kd4 e2 56. Bxe2 Kf7 57. Kc5 Kg7 58. Kd6 Kh7 59. Kxe6 Kh6 60. Kf5 Kg7 61.
Kxg5 1-0

[Event "GrandPrix_30.05"]
[Site "Chess.com"]
[Date "2020.05.30"]
[Round "6"]
[White "ploky25"]
[Black "RovenVogel"]
[Result "0-1"]
[WhiteElo "2243"]
[BlackElo "2447"]
[TimeControl "600+2"]
[EndTime "10:58:45 PDT"]
[Termination "RovenVogel won on time"]

1. d4 d5 2. c4 e6 3. Nc3 Be7 4. Nf3 Nf6 5. Bf4 O-O 6. a3 b6 7. cxd5 Nxd5 8. Nxd5 exd5 9. e3 c5 10. dxc5 bxc5 11. Bd3 c4 12. Bc2 Bf6 13. O-O Nc6 14. Ba4 Na5 15. Qd2 Bf5 16. Rad1 Be4 17. Nd4 Qb6 18.
Rfe1 Nb3 19. Bxb3 cxb3 20. f3 Bg6 21. Rc1 Rac8 22. Rxc8 Rxc8 23. Rc1 Rc4 24. Rc3 h5 25. Rxc4 dxc4 26. Bg3 Be7 27. e4 Bxa3 28. Bf2 Bb4 29. Qe2 Qc7 30. h4 a6 31. g3 a5 32. Nb5 Qc6 33. Nd4 Qc8 34. Kg2 a4 35. Nb5 f6 36.
Be1 Bxe1 37. Qxe1 Qc5 38. Na3 Qd4 39. Qf2 Qd3 40. Qf1 Qd2+ 41. Qf2 c3 42. bxc3 Qxc3 43.
Qe2 Bf7 44. Kf2 Kh7 45. Nb1 Qc2 46. Nd2 b2 47. Qe1 Qxd2+ 48. Qxd2 b1=Q 49. Qa5 Qa2+ 50. Kg1 a3 51. e5 Qa1+ 52. Kh2 Qb2+ 53. Kh3 Be6+ 54.
g4 hxg4+ 55. fxg4 a2 56. exf6 Qb3+ 57. Kh2 Qd5 58. Qc3 Qd1 0-1

[Event "GrandPrix_30.05"]
[Site "Chess.com"]
[Date "2020.05.30"]
[Round "6"]
[White "GadimbayliA"]
[Black "kpio91"]
[Result "1/2-1/2"]
[WhiteElo "2564"]
[BlackElo "2641"]
[TimeControl "600+2"]
[EndTime "10:58:59 PDT"]
[Termination "Game drawn by agreement"]

1. e4 c5 2. Nf3 d6 3. d4 cxd4 4.
Nxd4 Nf6 5. Nc3 a6 6. g3 e6 7. Bg2 Be7 8. O-O O-O 9. Be3 Bd7 10.
Qe2 Nc6 11. Rad1 Qc7 12. f4 Nxd4 13. Bxd4 Bc6 14. g4 e5 15. Be3 exf4 16. Bxf4 Qb6+ 17. Be3 Qxb2 18. Bd4 Qb4 19. g5 Nd7 20. Nd5 Bxd5 21.
exd5 Rae8 22. Qh5 Bd8 23. c3 Qa5 24. Rf3 Bb6 25. Rh3 Bxd4+ 26. cxd4 h6 27. Qh4 Qd8 28. gxh6 Qxh4 29. Rxh4 g6 30. Rb1 b5 31. Rc1 Nb6 32.
h7+ Kh8 33. Rc7 Nc4 34. Re4 Rxe4 35. Bxe4 Kxh7 36. Bd3 Ne3 37. Rc6 Nxd5 38. Rxd6 Nb4 39. Be4 Re8 40. a3 Rxe4 41. axb4 Re1+ 42. Kf2 Rb1 43. Rxa6 Rxb4 44. Ke3 Kg7 45. Ra7 Rb2 46.
h4 Rh2 47. Rb7 Rxh4 48. Rxb5 f5 49. d5 Re4+ 50. Kd3 Kf6 51. Rb6+ Ke5 52. Rxg6 Kxd5 53. Rg8 Kd6 54. Rf8 Re5 55. Kd4 Re4+ 56. Kd3 Re5 57.
Kd4 Rd5+ 58. Ke3 Ke7 59. Ra8 Kf6 60. Kf4 Rd4+ 61. Kf3 Rb4 62. Rf8+ Kg6 63. Rg8+ Kf7 64. Ra8 Kf6 65. Rf8+ Ke6 1/2-1/2

[Event "GrandPrix_30.05"]
[Site "Chess.com"]
[Date "2020.05.30"]
[Round "6"]
[White "Yurovskykh_Alexander"]
[Black "BlackBoarder"]
[Result "0-1"]
[WhiteElo "2254"]
[BlackElo "2208"]
[TimeControl "600+2"]
[EndTime "10:59:13 PDT"]
[Termination "BlackBoarder won by checkmate"]

1. d4 e6 2. Nf3 Nf6 3. Bf4 c5 4. c3 Nc6 5. e3 d5 6. Nbd2 Be7 7. Bd3 Nh5 8. Be5 f6 9. Bg3 g6 10. Qe2 O-O 11. Rd1 Bd7 12. O-O Qb6 13. Rb1 Nxg3 14.
hxg3 Kg7 15. b4 cxb4 16. cxb4 Rac8 17. a3 e5 18. dxe5 Nxe5 19. Nxe5 fxe5 20. e4 d4 21. Nc4 Qe6 22. f4 Bd6 23. f5 Qe7 24. g4 Bc7 25. Qd2 h6 26. g3 b5 27. Nb2 Bd8 28.
Rfc1 Qg5 29. Qxg5 Bxg5 30. Rxc8 Rxc8 31. Nd1 Rc1 32. Kg2 Rxb1 33. Bxb1 Bc1 34. Nf2 Bxa3 35. Nd3 Kf6 36. fxg6 Be6 37. Kf3 Bc4 38. g7 Kxg7 39. Nxe5 Bxb4 40. Nxc4 bxc4 41. Ba2 c3 42. Bb1 Kf6 43.
Ke2 Ke5 44. Kd3 Ba3 45. Bc2 Bc1 46. Ba4 Be3 47. Bd7 Bf2 48. Ba4 Bxg3 49. Bd7 Bf2 50. Bc6 a5 51. Bd7 Bh4 52. Ba4 Bf6 53. Bd7 Kf4 54. Bf5 a4 55. Bd7 a3 56. Be6 Be5 57. Kc2 Kxe4 58. Kb3 Bd6 59. Kc2 Ke3 60. Bc4 Be5 61. Kb3 Kd2 62. g5 hxg5 63. Be6 c2 64. Ka2 c1=Q 65. Kb3 d3 66. Bf5 Qc3+ 67. Ka4 a2 68. Kb5 a1=Q 69. Bxd3 Qaa5# 0-1

[Event "GrandPrix_30.05"]
[Site "Chess.com"]
[Date "2020.05.30"]
[Round "6"]
[White "sahidi"]
[Black "fujiwara_hoga"]
[Result "1/2-1/2"]
[WhiteElo "2208"]
[BlackElo "2132"]
[TimeControl "600+2"]
[EndTime "10:59:14 PDT"]
[Termination "Game drawn - insufficient material"]

1. e4 e5 2. Nf3 Nc6 3. Nc3 Nf6 4. Bb5 Bb4 5. d3 d6 6. h3 O-O 7. O-O Ne7 8. Bg5 c6 9. Bc4 Ng6 10. Nh4 Be6 11. Nxg6 hxg6 12. Bxe6 fxe6 13. Ne2 Qd7 14. Ng3 Bc5 15. c3 Nh7 16. Be3 Bxe3 17. fxe3 Rxf1+ 18. Qxf1 Qe7 19. Qe2 Qg5 20. Kh2 Nf6 21. Rf1 Kf7 22. Rf3 Ke7 23. a4 Rf8 24. a5 a6 25. Qd1 Nd7 26. Rxf8 Kxf8 27. Qf3+ Qf6 28. b4 Ke7 29. Ne2 c5 30. d4 cxb4 31. cxb4 Qxf3 32. gxf3 exd4 33.
Nxd4 Ne5 34. Kg3 Nc4 35. Kf2 Kf6 36. h4 Ke5 37. f4+ Kf6 38. Ke2 e5 39. Nf3 Na3 40. Kd3 Nb5 41. Kc4 exf4 42. exf4 Nc7 43. Nd4 Ke7 44.
Ne2 Ne6 45. b5 Nc5 46. bxa6 bxa6 47. Nc3 Nb7 48. Nd5+ Kd7 49. Nb4 Nxa5+ 50. Kd5 Nb3 51. Nxa6 Nd2 52. Nb8+ Kc7 53. Nc6 Nf3 54. Na7 Nxh4 55.
Nb5+ Kd7 56. Nxd6 Ng2 57. Ke5 Nxf4 58. Nf7 Ke7 59. Ng5 Nd3+ 60. Kd4 Nf4 61. Ke5 Nh5 62. Kd4 Kf6 63. Nh7+ Ke7 64. Ke5 Nf6 65. Ng5 Nd7+ 66. Kd5 Kf6 67. Nh7+ Ke7 68. e5 Nf8 69. Ng5 Nd7 70. Nf3 Nf8 71. Nd4 Nd7 72. Nc6+ Ke8 73. e6 Nf6+ 74. Ke5 g5 75. Kf5 g4 76. Kf4 Kf8 77.
Nd4 g6 78. Ke5 Ne8 79. Ne2 Ke7 80. Nf4 g5 81. Nd5+ Kd8 82. Kf5 g3 83. Ne3 Nd6+ 84.
Kxg5 Ke7 85. Kf4 Kxe6 86. Kxg3 1/2-1/2